 Dungeon Crawl Stone Soup version 0.29-a0-43-g62a80824bf (webtiles) character file.

Game seed: 6233084592199646273

23 senseless the Scratcher (level 2, 14/14 HPs)
             Began as a Felid Fighter on Feb 2, 2022.
             Was a Follower of Yredelemnul.
             Quit the game on level 1 of the Dungeon.
             The game lasted 00:01:09 (1204 turns).

senseless the Scratcher (Felid Fighter)             Turns: 1204, Time: 00:01:10

Health: 14/14      AC:  1    Str: 12    XL:     2   Next: 75%
Magic:  3/3        EV: 18    Int:  9    God:    Yredelemnul [*.....]
Gold:   12         SH:  0    Dex: 15    Spells: 1/1 levels left
                                        Lives:  0   Deaths: 0

rFire   . . .      SeeInvis +     - Unarmed
rCold   . . .      Faith    .   (shield unavailable)
rNeg    . . .      Spirit   .   (armour unavailable)
rPois   .          Reflect  .   (helmet unavailable)
rElec   .          Harm     .   (cloak unavailable)
rCorr   .          Rampage  .   (gloves unavailable)
Will    .....                   (boots unavailable)
Stlth   +.........              (no amulet)
HPRegen 0.04/turn               (no ring)
MPRegen 0.08/turn               (no ring)

@: quick
A: very small, claws 1, fangs 3, see invisible, speed 1, shaggy fur 1, stealthy
paws, no weapons or thrown items, no armour, multi-lived
a: Renounce Religion, Recall Undead Harvest


You were on level 1 of the Dungeon.
You worshipped Yredelemnul.
Yredelemnul was noncommittal.
You visited 1 branch of the dungeon, and saw 1 of its levels.

You collected 12 gold pieces.

Inventory:

Scrolls
 b - 2 scrolls of immolation {unknown}
 c - a scroll of torment {unknown}
 d - a scroll of blinking {unknown}
 e - a scroll of teleportation {unknown}
Potions
 a - a potion of might


   Skills:
 + Level 3.1 Fighting
 + Level 4.2 Dodging
 + Level 4.6 Unarmed Combat


You had one spell level left.
You didn't know any spells.
Your spell library was empty.

Dungeon Overview and Level Annotations

Branches:
Dungeon (1/15)

Altars:
Yredelemnul


Innate Abilities, Weirdness & Mutations

You have sharp claws.
You have razor-sharp teeth.
You have supernaturally acute eyesight. (SInv)
You cover ground quickly. (Speed+)
You are covered in fur. (AC +1)
Your paws help you pounce on unaware monsters.
You are incapable of wielding weapons or throwing items.
You cannot wear armour.
You gain extra lives every three experience levels.


Message History

You see here a bat corpse.
A kobold comes into view. It is wielding a +0 short sword.
The kobold shouts!
You scratch the kobold.
You kill the kobold!
No target in view!
A goblin comes into view. It is wielding a +0 dagger.
The goblin shouts!
Found a runed hat.
You closely miss the goblin. The goblin misses you.
You claw the goblin!
You kill the goblin!
No target in view!
Things that are here:
a +0 dagger; a goblin corpse You see here a +2 hat.
A ball python comes into view.
Found 7 gold pieces.
The ball python hisses angrily.
You scratch the ball python.
You kill the ball python!
No target in view!
You now have 12 gold pieces (gained 7).
You see here a +0 short sword.
Found a stone staircase leading down.
There is a stone staircase leading down here.
A goblin comes into view. It is wielding a +0 club.
The goblin shouts!
You scratch the goblin.
You kill the goblin!
No target in view!
Things that are here:
a +0 club; a goblin corpse
Found a faded altar of an unknown god.
There is a faded altar of an unknown god here.
You cannot tell which god this altar belongs to.
Convert to them anyway?
Yredelemnul accepts your prayer! Yredelemnul welcomes you!
You can now reap souls.
You can now recall your undead harvest.
Are you sure you want to abandon this character and quit the game? (Confirm with "yes".)

..†.#...(.....##...##.)....##....
..†.#.........##...##......##....
....#.........##...##......##....
....#†........##...##........#...
....#.........#.....#........#...
....#........................#...
....#......♣.♣.♣♣♣♣♣♣#####...#...
....###..#.♣♣♣♣♣♣♣♣ #...#...
....# ##...♣ ♣♣♣@Z♣ #.).####
#..♣♣ ♣.♣Z♣Z♣ #...# #.♣♣ ♣Z♣♣♣♣
#...# ##. ♣♣♣♣..♣♣♣# #...#
♣♣.♣♣♣.♣♣.# #...# ♣.♣....♣).#
#...# ♣.♣♣♣♣♣♣.######...#
♣♣.♣..♣.♣♣........#
#....♣.....########


You could see a friendly ball python zombie, a friendly adder zombie, a friendly
jackal zombie and a friendly giant cockroach zombie.

Vanquished Creatures
  2 dart slugs (D:1)
  2 goblins (D:1)
  A hobgoblin (D:1)
  A quokka (D:1)
  3 ball pythons (D:1)
  4 bats (D:1)
  3 kobolds (D:1)
  4 rats (D:1)
20 creatures vanquished.

Notes
Turn   | Place    | Note
-------+----------+-------------------------------------------
     0 | D:1      | senseless the Felid Fighter began the quest for the Orb.
     0 | D:1      | Reached XP level 1. HP: 10/10 MP: 2/2
   257 | D:1      | Reached XP level 2. HP: 4/14 MP: 3/3
  1200 | D:1      | Found a faded altar of an unknown god.
  1203 | D:1      | Prayed at the altar of an unknown god.
  1203 | D:1      | Became a worshipper of Yredelemnul the Dark
  1203 | D:1      | Reached * piety under Yredelemnul
  1204 | D:1      | Quit the game

Illustrated notes

Levels and vault maps discovered:
D:1:      beargit_arrival_greenhouse, layout_basic,
          chequers_ecumenical_altar_grove

Action                   || total
-------------------------++-------
Melee: Unarmed           ||    40
       Bite              ||     4
 Stab: Sleeping          ||     1
Armor: Skin              ||     2
Dodge: Dodged            ||    23

Table legend: (Time is in decaauts)
 A = Elapsed time spent in this place.
 B = Non-inter-level travel time spent in this place.
 C = Inter-level travel time spent in this place.
 D = Time resting spent in this place.
 E = Time spent auto-exploring this place.
 F = Levels seen in this place.
 G = Mean time per level.
                   A        B        C        D        E       F      G
               +--------+--------+--------+--------+--------+-----+--------+
         Total |   1097 |   1097 |      0 |      6 |    985 |   1 | 1097.0 |
       Dungeon |   1097 |   1097 |      0 |      6 |    985 |   1 | 1097.0 |
               +--------+--------+--------+--------+--------+-----+--------+

Top non-repeatable levels by time:
     D:1: 1097 daAuts
